 Dungeon Crawl Stone Soup version 0.25.0-9-g26727b6 (webtiles) character file.

Game seed: 9314096293697104340

58 shmeve the Chopper (level 3, -3/33 HPs)
             Began as a Minotaur Berserker on June 21, 2020.
             Was a Follower of Trog.
             Slain by Crazy Yiuf
             ... wielding a +4 quarterstaff of chaos
              (10 damage)
             ... while paralysed by Crazy Yiuf
             ... on level 3 of the Dungeon.
             The game lasted 00:03:21 (2367 turns).

shmeve the Chopper (Minotaur Berserker)             Turns: 2367, Time: 00:03:21

Health: -3/33      AC:  3    Str: 21    XL:     3   Next: 75%
Magic:  2/2        EV:  2    Int:  5    God:    Trog [*.....]
Gold:   124        SH:  0    Dex:  9    Spells: 2/2 levels left

rFire    . . .     SeeInvis .   a - +0 hand axe
rCold    . . .     Gourm    .   (no shield)
rNeg     . . .     Faith    .   b - +0 animal skin
rPois    .         Spirit   .   (helmet restricted)
rElec    .         Reflect  .   (no cloak)
rCorr    .         Harm     .   r - +0 pair of gloves
MR       .....                  (no boots)
Stlth    +.........             (no amulet)
HPRegen  0.11/turn              (no ring)
MPRegen  0.08/turn              (no ring)

@: paralysed
A: retaliatory headbutt, horns 2
a: Berserk, Renounce Religion


You were on level 3 of the Dungeon.
You worshipped Trog.
Trog was aware of your devotion.
You were not hungry.

You visited 1 branch of the dungeon, and saw 3 of its levels.

You collected 124 gold pieces.

Inventory:

Hand Weapons
 a - a +0 hand axe (weapon)
 p - a +0 hunting sling
Armour
 b - a +0 animal skin (worn)
 r - a +0 pair of gloves (worn)
Jewellery
 f - a cursed ring of attention {unknown}
Scrolls
 d - 3 scrolls of identify {unknown}
 g - a scroll of magic mapping {unknown}
 h - 2 scrolls of amnesia {unknown}
 j - a scroll of enchant weapon {unknown}
 k - a scroll of blinking {unknown}
 q - a scroll of fear {unknown}
Potions
 e - a potion of cancellation {unknown}
 l - a potion of resistance
 m - a potion of magic {unknown}
 n - a potion of berserk rage {unknown}
 o - a potion of heal wounds {unknown}
Comestibles
 c - 6 rations
 i - 6 chunks of flesh


   Skills:
 * Level 4.2 Fighting
 * Level 4.4 Axes
 * Level 0.3(0.7) Slings
 - Level 0.9(1.0) Throwing
 + Level 2.8 Armour
 + Level 2.6 Dodging


You had 2 spell levels left.
You didn't know any spells.
Your spell library was empty.

Dungeon Overview and Level Annotations

Branches:
Dungeon (3/15)

Altars:
Ashenzari
Gozag
Qazlal
Wu Jian
Yredelemnul

Annotations:
D:3 Crazy Yiuf


Innate Abilities, Weirdness & Mutations

You reflexively headbutt those who attack you in melee.
You have a pair of horns on your head.


Message History

You kill the ball python!
Trog accepts your kill.
You see here a ball python corpse.
You butcher the ball python corpse.
i - 6 chunks of flesh (gained 1)
You see here a ball python skeleton.
Crazy Yiuf shouts!
Crazy Yiuf yells, "Shadow cloud arga!"
You open the door. You closely miss Crazy Yiuf.
Crazy Yiuf hits you with a +4 quarterstaff of chaos!
You suddenly lose the ability to move!
Crazy Yiuf hits you with a +4 quarterstaff of chaos.
Crazy Yiuf burns you.
Crazy Yiuf hits you with a +4 quarterstaff of chaos!
* * * LOW HITPOINT WARNING * * *
Crazy Yiuf freezes you.
* * * LOW HITPOINT WARNING * * *
Crazy Yiuf hits you with a +4 quarterstaff of chaos!
You die...

#.##<...#####..##
#.#####.# #....#
#.#####.# ♣....♣
#.......# ♣♣...♣
######### ♣♣.♣♣
♣♣.♣ ♣.♣♣ ♣♣.♣
♣@♣♣ #g# ...
#...# #)..# #####


You could see Crazy Yiuf.

Vanquished Creatures
  An adder (D:2)
  An ooze (D:2)
  A worm (D:2)
  A dart slug (D:2)
  A leopard gecko (D:2)
  A ball python (D:3)
  4 bats
  2 giant cockroaches
  2 goblins (D:2)
  4 hobgoblins
  3 jackals (D:2)
  6 kobolds
  A quokka (D:2)
  2 frilled lizards
  7 rats
37 creatures vanquished.

Notes
Turn   | Place    | Note
-------+----------+-------------------------------------------
     0 | D:1      | shmeve the Minotaur Berserker began the quest for the Orb.
     0 | D:1      | Reached XP level 1. HP: 19/19 MP: 0/0
   869 | D:1      | Reached XP level 2. HP: 27/27 MP: 1/1
  1124 | D:2      | Found a shattered altar of Ashenzari.
  1348 | D:2      | Reached XP level 3. HP: 24/33 MP: 2/2
  2075 | D:2      | Found a basalt altar of Yredelemnul.
  2075 | D:2      | Found an ornate altar of the Wu Jian Council.
  2076 | D:2      | Found a stormy altar of Qazlal.
  2139 | D:2      | Found an opulent altar of Gozag.
  2289 | D:3      | Found a runed translucent door.
  2359 | D:3      | Noticed Crazy Yiuf
  2363 | D:3      | Paralysed by Crazy Yiuf for 5 turns
  2367 | D:3      | Slain by Crazy Yiuf

Illustrated notes

Levels and vault maps discovered:
D:1:      grunt_arrival_crossed_arrows, layout_basic
D:2:      layout_loops_cross, grunt_temple_overflow_open, st_stairs_12
D:3:      layout_loops_cross, uniq_crazy_yiuf_cottage

Skill      XL: |  1  2 |
---------------+-------+-----
Axes           | 4 |  4.4
Fighting       | 4 |  4.2
Slings         | |  0.3
Throwing       | |  0.9
Armour         | |  2.8
Dodging        | |  2.6

Action                   || total
-------------------------++-------
Melee: Hand axe          ||    77
       Headbutt          ||    11
Invok: Berserk           ||     1
  Use: Potion            ||     3
  Eat: Chunk             ||     5
Armor: Animal skin       ||    11
Dodge: Dodged            ||    56
